 Dungeon Crawl Stone Soup version 0.28.0-1-gb440e238dd (webtiles) character file.

Game seed: 1997740547240080818

2 mcwallace the Chiller (level 1, -2/13 HPs)
             Began as a Barachi Ice Elementalist on Feb 21, 2022.
             Slain by an endoplasm (3 damage)
             ... on level 1 of the Dungeon.
             The game lasted 00:00:24 (237 turns).

mcwallace the Chiller (Barachi Ice Elementalist)     Turns: 237, Time: 00:00:25

Health: -2/13      AC:  2    Str:  9    XL:     1   Next: 40%
Magic:  3/3        EV: 12    Int: 15    God:
Gold:   0          SH:  0    Dex: 12    Spells: 3/4 levels left

rFire   . . .      SeeInvis .   (no weapon)
rCold   . . .      Faith    .   (no shield)
rNeg    . . .      Spirit   .   a - +0 robe
rPois   .          Reflect  .   (no helmet)
rElec   .          Harm     .   (no cloak)
rCorr   .          Rampage  .   (no gloves)
Will    .....                   (no boots)
Stlth   ++........              (no amulet)
HPRegen 0.04/turn               (no ring)
MPRegen 0.08/turn               (no ring)

@: slow
A: amphibious, slowness 1, strong legs 1, +LOS
a: Hop


You were on level 1 of the Dungeon.
You visited 1 branch of the dungeon, and saw 1 of its levels.


Innate Abilities, Weirdness & Mutations

You are amphibious.
You cover ground slowly.
You can hop short distances.
You have an extended range of vision and can be seen from far away.


   Skills:
 + Level 0.2 Fighting
 + Level 2.2 Dodging
 - Level 1.7 Stealth
 + Level 2.2 Spellcasting
 + Level 4.8 Ice Magic


You had 3 spell levels left.
You knew the following spells:

 Your Spells              Type           Power      Damage    Failure   Level
a - Freeze                Ice            64%        1d8       3%          1

Your spell library contained the following spells:

 Spells                   Type           Power      Damage    Failure   Level
 Frozen Ramparts          Ice            32%        1d5       9%          3
 Ozocubu's Armour         Ice            16%        N/A       9%          3
 Hailstorm                Conj/Ice       9%         3d4       61%         4

Inventory:

Missiles
 c - 13 stones {throwing}
Armour
 a - a +0 robe (worn)
Scrolls
 d - a scroll of teleportation {unknown}
Potions
 b - a potion of berserk rage {unknown}

Dungeon Overview and Level Annotations

Branches:
Dungeon (1/15)

Altars:

... #..##...........#
#?#. #####..##..........#
#... #......##..........#
#... #.....###......w...#
#.>.##..................#
#!.................)..#.#
..........##....#######
..........###..J###
####......# #...@.#
####...#....#.###g.#
#......#..#.#.# ##.#
..#....#..#.... .#
<.#....#....... .#
..#.##.# ..#..# .. ###.#
.# .... .. ... .# ##r .##
###. .. ##


You could see an endoplasm and a goblin.


Message History

🤖 Initializing magus.rc ...
Options error: Delay interrupt name "hungry" not recognised. (~/.crawlrc:4770) Options error: Bad monster_list_colour key: strict_neutral (~/.crawlrc:4785) ✅ Successfully initialized magus.rc [v1.9.6] Welcome, mcwallace the Barachi Ice Elementalist.
Will you prevail where others failed? Will you find the Orb of Zot?
Press ? for a list of commands and other information.
Found a staircase leading out of the dungeon.
Found a stone staircase leading down.
b - a smoky inky potion
c - 13 stones {throwing} A dart slug comes into view.
A dart slug is nearby!
Found a stone staircase leading down.
The dart slug launches a dart at you. The slug dart hits you. 😮 HP[-4]
You take 4 damage, and now have 9/13 hp.
MASSIVE DAMAGE!! (PAUSE)
You are too injured to fight recklessly!
You are too injured to fight recklessly!
You are too injured to fight recklessly!
The dart slug barely misses you.
You see here a scroll labelled LYNORGHE RYAS.
Casting: Freeze (safe; 3% risk of failure)
Confirm with . or Enter, or press ? or * to list all spells.
Aiming: Freeze (safe; 3% risk of failure)
Press: ? - help, Shift-Dir - straight line, f - dart slug
Aim: a dart slug You freeze the dart slug!
The dart slug launches a dart at you. The slug dart hits you.
* * * LOW HITPOINT WARNING * * *
😨 HP[-4] MP[-1]
You take 4 damage, and now have 5/13 hp.
MASSIVE DAMAGE!! (PAUSE)
You lost 1 mp, and now have 2/3 mp.
Casting: Freeze (safe; 3% risk of failure)
Confirm with . or Enter, or press ? or * to list all spells.
Aiming: Freeze (safe; 3% risk of failure)
Press: ? - help, Shift-Dir - straight line, f/p - dart slug
Aim: a dart slug (severely wounded)
You freeze the dart slug!
You kill the dart slug! 😨 MP[-1]
You lost 1 mp, and now have 1/3 mp.
Key pressed, stopping explore.
Key pressed, stopping explore.
Key pressed, stopping explore.
Key pressed, stopping explore.
d - a scroll labelled LYNORGHE RYAS 😎 HP[+8] MP[+2]
Your hp is fully restored (13).
Your mp is fully restored (3).
An endoplasm and a dart slug come into view.
There are monsters nearby!
There are monsters nearby!
There are monsters nearby!
The dart slug launches a dart at you. The slug dart hits you. 😕 HP[-2]
You take 2 damage, and now have 11/13 hp.
The dart slug launches a dart at you. The slug dart hits you.
* * * LOW HITPOINT WARNING * * *
😨 HP[-5]
You take 5 damage, and now have 6/13 hp.
MASSIVE DAMAGE!! (PAUSE)
The endoplasm quivers.
The dart slug launches a dart at you. The slug dart misses you.
A quokka comes into view.
A goblin comes into view. It is wielding a +0 club.
The goblin shouts!
You hear a shout!
The endoplasm freezes you.
You are frozen.
* * * LOW HITPOINT WARNING * * *
😨 HP[-2]
You take 2 damage, and now have 4/13 hp.
You hit the endoplasm but do no damage.
The endoplasm hits you but does no damage.
You hit the endoplasm. The endoplasm closely misses you.
The goblin barely misses you.
You hit the endoplasm but do no damage. The endoplasm closely misses you.
The goblin hits you with a +0 club.
* * * LOW HITPOINT WARNING * * *
😱 HP[-3]
You take 3 damage, and now have 1/13 hp.
MASSIVE DAMAGE!! (PAUSE)
You barely miss the goblin. The endoplasm hits you.
You die...

Action                   || total
-------------------------++-------
Melee: Unarmed           ||     4
 Cast: Freeze            ||     2
Armor: Robe              ||     1
Dodge: Dodged            ||     5

Levels and vault maps discovered:
D:1:      amcnicky_arrival_single_pillar, layout_rooms,
          shapermc_ecumenical_altar_notcrosses, grunt_decor_clamped

Notes
Turn   | Place    | Note
-------+----------+-------------------------------------------
     0 | D:1      | mcwallace the Barachi Ice Elementalist began the quest for
                  | the Orb.
     0 | D:1      | Reached XP level 1. HP: 13/13 MP: 3/3
     0 | D:1      | magus.rc [v1.9.6]
   236 | D:1      | HP: 1/13 [goblin (3)]
   237 | D:1      | Slain by an endoplasm

Vanquished Creatures
  A dart slug (D:1)
1 creature vanquished.

Table legend:
 A = Non-vault XP
 B = Vault XP
 C = Vault XP percentage of total XP
 D = Non-vault monster count
 E = Vault monster count
 F = Vault count percentage of total count
                 A         B        C        D         E       F
            +---------+---------+-------+---------+---------+-------
      Total |       4 |       0 |   0.0 |       1 |       0 |   0.0
            +---------+---------+-------+---------+---------+-------
        D:1 |       4 |       0 |   0.0 |       1 |       0 |   0.0
            +---------+---------+-------+---------+---------+-------

Illustrated notes

Table legend:
 A = Kills in this place as a percentage of kills in entire the game.
 B = Kills by you in this place as a percentage of kills by you in the entire game.
 C = Kills by friends in this place as a percentage of kills by friends in the entire game.
 D = Other kills in this place as a percentage of other kills in the entire game.
 E = Experience gained in this place as a percentage of experience gained in the entire game.
 F = Experience gained in this place divided by the number of levels of this place that you have seen.
                   A       B       C       D       E      F
               +-------+-------+-------+-------+-------+----------------------
         Total | 100.0 | 100.0 |   N/A |   N/A | 100.0 |   4.0
       Dungeon | 100.0 | 100.0 |   N/A |   N/A | 100.0 |   4.0
               +-------+-------+-------+-------+-------+----------------------

Table legend: (Time is in decaauts)
 A = Elapsed time spent in this place.
 B = Non-inter-level travel time spent in this place.
 C = Inter-level travel time spent in this place.
 D = Time resting spent in this place.
 E = Time spent auto-exploring this place.
 F = Levels seen in this place.
 G = Mean time per level.
                   A        B        C        D        E       F      G
               +--------+--------+--------+--------+--------+-----+--------+
         Total |    243 |    243 |      0 |      0 |    216 |   1 |  243.0 |
       Dungeon |    243 |    243 |      0 |      0 |    216 |   1 |  243.0 |
               +--------+--------+--------+--------+--------+-----+--------+

Top non-repeatable levels by time:
     D:1: 243 daAuts
